Map: Apotheosis LE

Players

FLORENCIO - Winner!

  • Race: Protoss Protoss
  • League: Master

Voodoo

  • Race: Zerg Zerg
  • League: Master

VOD

Have the link to the VOD?

Description

Time

  • Played on: Nov. 6, 2016, 5:55 p.m.
  • Length: 26:55
Show
View Real Time Build Order
Export as new Build Order

FLORENCIO Protoss - Winner!

Build Orders:  

Get SALT Encoding   

  12  0:01  Probe (Chrono Boost)  
  13  0:11  Probe (Chrono Boost)  
  14  0:22  Probe (Chrono Boost)  
  14  0:25  Pylon  
  15  0:43  Probe (Chrono Boost)  
  16  0:50  Pylon  
  16  0:53  Probe (Chrono Boost)  
  18  1:10  Gateway  
  17  1:13  Gateway  
  17  1:14  Gateway  
  17  1:23  Gateway  
  17  1:33  Forge  
  17  1:50  Pylon  
  17  2:09  Photon Cannon  
  17  2:12  Photon Cannon  
  17  2:16  Zealot x2  
  21  2:29  Zealot x2  
  25  2:42  Photon Cannon  
  25  2:43  Zealot  
  27  2:48  Zealot  
  29  2:56  Zealot  
  29  2:57  Pylon  
  31  3:15  Zealot x3  
  37  3:23  Zealot  
  39  4:24  Zealot  
  39  4:28  Zealot  
  39  4:29  Zealot  
  39  4:35  Zealot  
  35  4:51  Zealot  
  37  4:55  Zealot  
  37  4:56  Zealot  
  39  5:15  Pylon  
  39  5:18  Pylon  
  39  5:33  Zealot x4  
  47  5:38  Assimilator  
  47  5:42  Assimilator  
  41  6:00  Zealot x2  
  41  6:03  Cybernetics Core, Nexus  
  45  6:05  Pylon  
  45  6:11  Photon Cannon, Probe (Chrono Boost)  
  46  6:21  Probe (Chrono Boost)  
  27  6:53  Photon Cannon  
  27  6:54  Photon Cannon  
  27  6:56  Mothership Core (Chrono Boost)  
  27  6:59  Stargate  
  29  7:14  Probe (Chrono Boost)  
  30  7:25  Probe (Chrono Boost)  
  30  7:29  Pylon  
  31  7:36  Probe (Chrono Boost)  
  32  7:46  Probe (Chrono Boost)  
  33  7:57  Probe (Chrono Boost)  
  34  7:58  Photon Cannon  
  34  8:01  Pylon, Probe (Chrono Boost)  
  35  8:11  Probe (Chrono Boost)  
  32  8:13  Void Ray  
  34  8:22  Probe (Chrono Boost)  
  35  8:32  Probe (Chrono Boost)  
  36  8:39  Photon Cannon  
  36  8:43  Probe (Chrono Boost)  
  36  8:46  Stargate  
  37  8:53  Probe (Chrono Boost)  
  38  8:57  Void Ray  
  42  9:05  Probe (Chrono Boost)  
  43  9:12  Assimilator  
  43  9:16  Assimilator, Probe (Chrono Boost)  
  44  9:26  Probe (Chrono Boost)  
  44  9:29  Void Ray  
  47  9:37  Probe (Chrono Boost)  
  48  9:48  Probe (Chrono Boost)  
  49  9:58  Probe (Chrono Boost)  
  50  10:00  Photon Cannon  
  50  10:01  Pylon  
  50  10:09  Probe (Chrono Boost)  
  50  10:12  Void Ray  
  55  10:19  Probe (Chrono Boost)  
  56  10:36  Void Ray  
  60  10:43  Stargate  
  60  10:49  Void Ray  
  76  11:41  Pylon  
  76  11:43  Pylon, Phoenix  
  76  11:46  Phoenix  
  76  11:47  Phoenix  
  64  11:54  Pylon  
  56  12:04  Stargate  
  56  12:05  Phoenix  
  58  12:11  Phoenix  
  58  12:12  Phoenix  
  62  12:18  Photon Cannon  
  62  12:26  Phoenix  
  62  12:36  Phoenix x2  
  68  12:48  Phoenix  
  68  12:57  Phoenix  
  76  13:18  Void Ray  
  78  13:23  Void Ray  
  78  13:24  Void Ray x2  
  86  13:55  Void Ray  
  90  14:06  Void Ray x2  
  94  14:30  Void Ray  
  98  14:32  Void Ray  
  104  14:40  Mothership Core (Chrono Boost)  
  104  14:49  Void Ray  
  104  14:52  Void Ray  
  108  15:26  Oracle  
  96  15:31  Oracle  
  96  15:32  Oracle  
  105  15:48  Nexus  
  105  15:51  Pylon  
  105  16:01  Oracle  
  105  16:06  Oracle  
  111  16:20  Oracle  
  114  16:26  Probe (Chrono Boost)  
  115  16:37  Probe (Chrono Boost)  
  116  16:55  Oracle  
  116  16:59  Oracle  
  122  17:18  Oracle  
  122  17:19  Oracle  
  128  17:26  Oracle  
  128  17:31  Assimilator  
  128  17:32  Photon Cannon  
  128  17:33  Assimilator  
  128  17:34  Photon Cannon  
  131  17:44  Pylon  
  131  18:02  Oracle  
  97  18:34  Void Ray  
  97  18:40  Void Ray  
  105  18:55  Nexus  
  90  19:22  Oracle  
  84  19:27  Oracle  
  90  19:48  Oracle  
  93  20:12  Oracle  
  89  20:17  Oracle  
  95  20:24  Probe (Chrono Boost)  
  96  20:34  Probe x2 (Chrono Boost)  
  98  20:53  Assimilator  
  98  20:55  Assimilator  
  98  20:59  Pylon  
  101  21:12  Void Ray  
  101  21:16  Void Ray  
  106  21:59  Void Ray  
  103  22:05  Void Ray x2  
  115  22:23  Oracle  
  118  22:50  Oracle  
  118  23:41  Phoenix  
  118  23:44  Phoenix x3  
  126  24:08  Nexus  
  126  24:11  Phoenix  
  128  24:24  Phoenix  
  88  26:01  Void Ray  
  85  26:07  Void Ray x2  
Show
View Real Time Build Order
Export as new Build Order

Voodoo Zerg 

Build Orders: Hatch First 

Get SALT Encoding   

  12  0:01  Drone  
  13  0:08  Drone  
  14  0:18  Overlord  
  14  0:23  Extractor  
  14  0:25  Drone  
  15  0:36  Drone x2  
  17  0:49  Drone  
  18  0:56  Drone  
  19  1:02  Hatchery  
  18  1:12  Spawning Pool  
  17  1:32  Hatchery  
  16  1:36  Drone  
  17  1:40  Drone  
  17  1:41  Drone  
  19  1:49  Drone  
  19  1:50  Extractor  
  19  1:59  Queen  
  21  2:02  Zergling x2  
  22  2:24  Zergling x6  
  25  2:35  Drone  
  26  2:47  Drone x4  
  30  2:53  Queen  
  30  2:57  Metabolic Boost  
  32  3:02  Drone  
  32  3:03  Drone  
  34  3:09  Overlord  
  34  3:24  Overlord  
  34  3:27  Queen  
  34  3:28  Drone  
  34  3:29  Drone  
  34  3:31  Drone  
  34  3:32  Drone  
  42  3:48  Zergling x12  
  45  3:49  Zergling x4  
  49  3:58  Baneling Nest  
  46  4:05  Spine Crawler  
  45  4:15  Spine Crawler  
  45  4:16  Spine Crawler  
  43  4:23  Zergling x6  
  43  4:24  Zergling x2  
  43  4:28  Zergling x2  
  43  4:29  Zergling x2  
  33  4:39  Zergling x4  
  31  4:58  Zergling x6  
  32  5:07  Spine Crawler  
  26  5:25  Baneling Nest  
  25  5:34  Zergling x4  
  26  5:49  Zergling x2  
  26  5:50  Zergling x2  
  27  5:57  Spine Crawler, Zergling x2  
  27  6:05  Queen  
  27  6:06  Zergling x2  
  30  6:17  Drone  
  31  6:19  Baneling x4  
  31  6:23  Drone  
  31  6:24  Drone  
  33  6:31  Zergling x2  
  33  6:32  Zergling x2  
  29  6:41  Zergling x2  
  28  6:56  Spine Crawler x2, Zergling x6  
  29  7:13  Zergling x4  
  31  7:18  Lair  
  31  7:39  Zergling x8  
  35  7:55  Overlord x2  
  35  7:56  Overlord  
  32  8:16  Overseer  
  32  8:20  Drone x3  
  32  8:23  Extractor  
  33  8:29  Drone x2  
  33  8:30  Drone  
  36  8:55  Hatchery  
  35  9:02  Drone  
  36  9:03  Overlord  
  36  9:22  Drone x3  
  36  9:23  Drone x3  
  42  9:36  Spire, Drone  
  42  9:46  Drone x3  
  44  10:13  Hatchery  
  43  10:15  Drone  
  43  10:17  Spore Crawler  
  43  10:22  Spine Crawler  
  43  10:27  Drone  
  44  10:50  Mutalisk x7  
  44  10:53  Mutalisk  
  60  10:58  Mutalisk  
  62  11:08  Mutalisk  
  62  11:10  Drone  
  65  11:20  Spore Crawler  
  64  11:26  Drone x2  
  64  11:27  Drone x3  
  64  11:31  Zerg Flyer Weapons Level 1  
  69  11:54  Hydralisk Den, Drone x4  
  70  11:55  Drone  
  70  11:56  Overlord, Extractor  
  70  11:57  Overlord  
  72  12:03  Drone  
  73  12:14  Queen  
  75  12:28  Drone  
  75  12:29  Spore Crawler, Drone x2  
  77  12:32  Muscular Augments  
  77  12:34  Drone x2  
  77  12:35  Drone x3  
  80  12:37  Overlord x3, Drone x2, Extractor, Evolution Chamber  
  80  12:38  Extractor  
  69  13:01  Extractor  
  69  13:03  Hydralisk x4, Zerg Missile Weapons Level 1  
  74  13:07  Drone  
  74  13:08  Drone x2  
  74  13:11  Drone  
  72  13:22  Overlord, Drone x3  
  72  13:23  Overlord x2  
  72  13:24  Hydralisk x2  
  72  13:25  Hatchery, Hydralisk  
  80  13:33  Spore Crawler x2  
  78  13:36  Spore Crawler  
  75  13:43  Hydralisk  
  75  13:44  Hydralisk x3  
  81  14:02  Hydralisk x2  
  75  14:03  Hydralisk x4  
  77  14:19  Hydralisk  
  71  14:25  Spore Crawler  
  71  14:26  Overlord x3  
  70  14:32  Queen  
  70  14:34  Overlord  
  70  14:35  Overlord x2  
  70  14:37  Spore Crawler, Drone  
  72  14:38  Drone  
  72  14:39  Drone x2  
  72  14:41  Drone  
  76  14:54  Hydralisk x4  
  84  15:02  Hydralisk x2  
  84  15:03  Hydralisk  
  73  15:28  Hydralisk  
  73  15:29  Hydralisk x7  
  88  15:37  Zerg Missile Weapons Level 2  
  88  15:48  Spore Crawler  
  88  15:49  Drone x2  
  89  15:50  Spore Crawler  
  88  16:03  Hatchery  
  87  16:09  Hydralisk x2  
  90  16:11  Hydralisk  
  90  16:18  Drone x2  
  94  16:20  Queen  
  96  16:29  Hydralisk x2  
  96  16:30  Hydralisk  
  102  16:39  Hydralisk x2  
  104  16:41  Hydralisk  
  104  16:45  Drone x2  
  110  16:47  Drone  
  110  16:48  Drone  
  110  16:50  Drone  
  110  16:52  Drone  
  114  17:05  Drone x3  
  117  17:14  Hydralisk x2  
  120  17:19  Hatchery  
  119  17:24  Drone x2  
  119  17:29  Extractor  
  120  17:41  Infestation Pit  
  119  17:54  Zerg Ground Armor Level 1  
  119  18:03  Zergling x2  
  119  18:04  Zergling x4  
  122  18:12  Overlord  
  122  18:13  Overlord x5  
  86  18:32  Hydralisk x3  
  86  18:33  Hydralisk x7  
  84  18:36  Hydralisk x2  
  84  18:38  Spore Crawler  
  87  18:45  Hydralisk  
  89  18:51  Drone  
  89  18:53  Spore Crawler  
  89  19:00  Hydralisk  
  89  19:01  Hydralisk x3  
  99  19:16  Hydralisk x5  
  80  19:19  Hydralisk  
  80  19:22  Hatchery  
  80  19:23  Hydralisk  
  73  19:38  Hydralisk  
  73  19:39  Hydralisk x5  
  61  19:59  Hydralisk  
  61  20:00  Hydralisk x2  
  65  20:13  Queen  
  65  20:16  Drone x2  
  67  20:39  Hatchery  
  66  20:44  Drone  
  66  20:47  Drone  
  68  21:01  Hydralisk x2  
  72  21:24  Hydralisk x2  
  73  21:37  Drone  
  73  21:38  Hydralisk x2  
  78  21:53  Spore Crawler  
  77  21:56  Hydralisk x2  
  81  22:10  Hydralisk  
  81  22:11  Hydralisk  
  85  22:22  Hydralisk  
  87  22:34  Mutalisk x2  
  87  22:35  Mutalisk  
  92  22:55  Mutalisk  
  92  22:56  Mutalisk  
  96  23:35  Hatchery  
  95  23:57  Drone x6  
  95  23:58  Drone x3  
  104  24:20  Hatchery  
  104  24:24  Drone  
  104  24:25  Drone  
  104  24:27  Drone  
  106  24:50  Mutalisk x2  
  110  24:59  Drone x2  
  112  25:00  Drone  
  113  25:11  Hydralisk  
  115  25:16  Drone x2, Extractor  
  115  25:17  Drone  
  115  25:18  Extractor  
  116  25:21  Drone  
  116  25:22  Drone x2  
  115  25:34  Hydralisk x3  
  68  25:55  Hydralisk x3  
  73  26:08  Hydralisk  
Tags
 
Add a new tag
Caveats
  • Supply blocks, unpowered buildings, or Contaminate may cause inaccurate times.
  • Supply counts are checked every 10 seconds.